 Dungeon Crawl Stone Soup version 0.29-a0-582-ge82337ba6a (webtiles) character file.

Game seed: 12717160130843194203

177 vineage the Skirmisher (level 5, 0/37 HPs)
             Began as a Gargoyle Fighter on June 14, 2022.
             Slain by an ogre
             ... wielding a +0 giant spiked club
              (29 damage)
             ... on level 4 of the Dungeon.
             The game lasted 00:02:54 (2489 turns).

vineage the Skirmisher (Gargoyle Fighter)           Turns: 2489, Time: 00:02:55

Health: 0/37       AC: 10    Str: 16 (17) XL:     5   Next: 57%
Magic:  5/5        EV: 10    Int:  9      God:
Gold:   150        SH:  4    Dex: 11      Spells: 4/4 levels left

rFire   + + +      SeeInvis .   a - +1 flail (chaos)
rCold   + . .      Faith    .   c - +0 buckler
rNeg    + . .      Spirit   .   n - +3 leather armour of Valour {rF+++ Will+ Str-2}
rPois   ∞          Reflect  .   (no helmet)
rElec   +          Harm     .   (no cloak)
rCorr   .          Rampage  .   (no gloves)
Will    +....                   (no boots)
Stlth   +.........              (no amulet)
HPRegen 0.92/turn               (no ring)
MPRegen 0.09/turn               (no ring)

@: mighty
A: sickness immunity, AC +4, negative energy resistance 1, electricity
resistance, torment resistance 1, petrification resistance, cold resistance 1,
deterioration 1, regeneration 1
a: no special abilities


You were on level 4 of the Dungeon.
You visited 1 branch of the dungeon, and saw 4 of its levels.

You collected 150 gold pieces.

Inventory:

Hand Weapons
 a - a +1 flail of chaos (weapon)
Armour
 b - a +0 scale mail
 c - a +0 buckler (worn)
 n - the +3 leather armour of Valour (worn) {rF+++ Will+ Str-2}
   (You found it on level 3 of the Dungeon)

   Str:       It affects your strength (-2).
   rF:        It renders you almost immune to fire.
   Will:      It increases your willpower.
Scrolls
 f - a scroll of enchant weapon
 h - 2 scrolls of identify
 l - a scroll of brand weapon
Potions
 e - a potion of brilliance
 g - a potion of berserk rage
 i - a potion of flight
 j - 2 potions of curing
 k - a potion of lignification {unknown}
 m - a potion of degeneration {unknown}
 o - a potion of heal wounds
 p - a potion of attraction {unknown}
 q - a potion of resistance {unknown}


   Skills:
 * Level 6.6 Fighting
 - Level 2.0 Maces & Flails
 - Level 3.3 Armour
 - Level 3.3 Shields


You had 4 spell levels left.
You didn't know any spells.
Your spell library was empty.

Dungeon Overview and Level Annotations

Branches:
Dungeon (4/15)
 Temple: D:4-7

Altars:


Innate Abilities, Weirdness & Mutations

You are immune to sickness and miasma.
Your stone body is resilient. (AC +4)
You are immune to poison.
You resist negative energy. (rN+)
You are resistant to electric shocks. (rElec)
You are resistant to unholy torment.
You are immune to petrification.
Your flesh is cold resistant. (rC+)
Your body sometimes deteriorates upon taking damage.
Your natural rate of healing is unusually fast.


Message History

You barely miss the adder. The adder bites you but does no damage.
The adder misses you.
You hit the adder. You burn the adder.
The adder is moderately wounded.
The adder bites you but does no damage. The adder barely misses you.
You hit the adder.
The adder is severely wounded.
The adder bites you. The adder bites you but does no damage.
You closely miss the adder.
The adder is severely wounded.
The adder bites you but does no damage.
You closely miss the adder.
The adder is severely wounded.
You block the adder's attack. The adder barely misses you.
You miss the adder.
The adder is severely wounded.
The adder bites you. You block the adder's attack.
You hit the adder.
The adder seems to slow down.
You freeze the adder.
The adder is severely wounded.
The adder bites you but does no damage.
You sock the adder!
The adder seems to slow down.
You freeze the adder.
You kill the adder!
No target in view!
Found a whip.
h - 2 scrolls of identify (gained 1)
You see here a +0 giant spiked club.
No target in view!
An ogre comes into view. It is wielding a +0 giant spiked club.
The ogre shouts!
An ogre is nearby!
You feel very mighty all of a sudden.
A hound comes into view.
The ogre barely misses you.
You sock the ogre!
The ogre flickers and vanishes!
Deactivating autopickup; reactivate with Ctrl-A.
Something hits you!
Your body deteriorates!
You feel weakened.
You miss something. Something hits you!!
Ouch! That really hurt!
You die...

.# .# ## #.# .##
.# #.# ..##.## #.#
8...#.. #.#
..#..#.. #h#
8..#.... #.#
....#..# #{#
.##.############@#
..######.#).....)#
.## #..##.########
..####...#.##
#........##.##
##..####...#.##
#..........##.##
..####..##...#.#
.##....#####.###


You could see a hound.

Vanquished Creatures
  An orc priest (D:3)
  An orc wizard (D:3)
  Robin (D:2)
  5 adders
  An ufetubus (D:4)
  A worm (D:2)
  3 orcs (D:3)
  6 ball pythons
  A bat (D:2)
  6 endoplasms
  9 goblins
  6 hobgoblins
  5 kobolds
  3 quokkas
  3 frilled lizards
  5 rats
57 creatures vanquished.

Vanquished Creatures (others)
  2 plants (D:2)
2 creatures vanquished.

Grand Total: 59 creatures vanquished

Notes
Turn   | Place    | Note
-------+----------+-------------------------------------------
     0 | D:1      | vineage the Gargoyle Fighter began the quest for the Orb.
     0 | D:1      | Reached XP level 1. HP: 14/14 MP: 1/1
   400 | D:1      | Reached XP level 2. HP: 20/20 MP: 2/2
  1014 | D:2      | Reached skill level 4 in Fighting
  1115 | D:2      | Found a faded altar of an unknown god.
  1192 | D:2      | Noticed Robin
  1202 | D:2      | Killed Robin
  1203 | D:2      | Reached XP level 3. HP: 15/24 MP: 3/3
  1216 | D:2      | Gained mutation: Your body sometimes deteriorates upon
                  | taking damage. [potion of mutation]
  1216 | D:2      | Gained mutation: Your natural rate of healing is unusually
                  | fast. [potion of mutation]
  1216 | D:2      | Gained mutation: Your flesh is cold resistant. (rC+)
                  | [potion of mutation]
  1363 | D:2      | Reached skill level 5 in Fighting
  1724 | D:3      | Reached XP level 4. HP: 31/31 MP: 4/4
  1780 | D:3      | Identified the +3 leather armour of Valour {rF+++ Will+
                  | Str-2}
  1911 | D:3      | Reached skill level 6 in Fighting
  1911 | D:3      | Reached XP level 5. HP: 33/36 MP: 5/5
  2485 | D:4      | Noticed an ogre
  2489 | D:4      | Slain by an ogre

Illustrated notes

Levels and vault maps discovered:
D:1:      dpeg_arrival_rhombus, layout_basic, serial_park_tiny_pond
D:2:      layout_rooms, shapermc_ecumenical_altar_mp_ritualfount, uniq_robin
D:3:      layout_basic
D:4:      wad_crossroads, layout_loops_ring, bloody_makhleb,
          minmay_temple_entry_crystal_x, uniq_blork_the_orc, uniq_pikel

Skill      XL: |  1  2  3  4 |
---------------+-------------+-----
Fighting       | 4 5 6 |  6.6
Maces & Flails | |  2.0
Armour         | |  3.3
Shields        | |  3.3

Action                   |  1- 3 |  4- 6 || total
-------------------------+-------+-------++-------
Melee: Flail             |    96 |    77 ||   173
  Use: Potion            |     4 |     1 ||     5
       Scroll            |       |     6 ||     6
Armor: Scale mail        |    52 |     2 ||    54
       Leather armour    |       |    58 ||    58
Dodge: Dodged            |    54 |    45 ||    99
Block: Buckler           |    16 |    15 ||    31

Table legend: (Time is in decaauts)
 A = Elapsed time spent in this place.
 B = Non-inter-level travel time spent in this place.
 C = Inter-level travel time spent in this place.
 D = Time resting spent in this place.
 E = Time spent auto-exploring this place.
 F = Levels seen in this place.
 G = Mean time per level.
                   A        B        C        D        E       F      G
               +--------+--------+--------+--------+--------+-----+--------+
         Total |   2548 |   2475 |     73 |      0 |   2034 |   4 |  637.0 |
       Dungeon |   2548 |   2475 |     73 |      0 |   2034 |   4 |  637.0 |
               +--------+--------+--------+--------+--------+-----+--------+

Top non-repeatable levels by time:
     D:1: 1007 daAuts
     D:3: 723 daAuts
     D:2: 687 daAuts
     D:4: 130 daAuts
